 Dungeon Crawl Stone Soup version 0.28-a0-726-g4a9143789a (webtiles) character file.

Game seed: 16159012738517734164

424 HoaS the Twirler (level 6, -7/35 HPs)
             Began as a Gargoyle Gladiator on Oct 27, 2021.
             Mangled by a hornet zombie (9 damage)
             ... on level 4 of the Dungeon.
             The game lasted 00:10:04 (5042 turns).

HoaS the Twirler (Gargoyle Gladiator)               Turns: 5042, Time: 00:10:05

Health: -7/35      AC: 15    Str: 20    XL:     6   Next: 96%
Magic:  6/6        EV:  6    Int:  8    God:
Gold:   186        SH:  0    Dex: 11    Spells: 5/5 levels left

rFire   . . .      SeeInvis .   a - +1 quarterstaff
rCold   . . .      Faith    .   (shield currently unavailable)
rNeg    + . .      Spirit   .   t - +0 plate armour
rPois   ∞          Reflect  .   c - +0 helmet
rElec   +          Harm     .   (no cloak)
rCorr   .          Rampage  .   (no gloves)
Will    .....                   (no boots)
Stlth   ..........              (no amulet)
HPRegen 0.11/turn               (no ring)
MPRegen 0.10/turn               (no ring)

@: mighty
A: sickness immunity, AC +4, negative energy resistance 1, electricity
resistance, torment resistance 1, petrification resistance
a: no special abilities


You were on level 4 of the Dungeon.
You visited 1 branch of the dungeon, and saw 4 of its levels.
You also visited: Sewer.

You collected 186 gold pieces.

Inventory:

Hand Weapons
 a - a +1 quarterstaff (weapon)
Missiles
 b - 28 poisoned darts
 d - 3 throwing nets (quivered)
 j - 37 arrows
 n - 51 bolts
Armour
 c - a +0 helmet (worn)
 t - a +0 plate armour (worn)
Scrolls
 k - a scroll of summoning
 s - a scroll of teleportation
Potions
 f - 3 potions of cancellation {unknown}
 g - 4 potions of mutation
 h - 3 potions of haste
 i - 2 potions of might
 l - a potion of lignification {unknown}
 m - 2 potions of curing {unknown}
 o - a potion of invisibility {unknown}
 p - a potion of magic {unknown}
 r - a potion of heal wounds {unknown}


   Skills:
 - Level 2.1 Fighting
 * Level 7.6 Staves
 - Level 1.7 Throwing
 - Level 2.4 Dodging


You had 5 spell levels left.
You didn't know any spells.
Your spell library contained the following spells:

 Spells                   Type           Power      Damage    Failure   Level
 Passwall                 Tmut/Erth      0%         N/A       100%        2
 Swiftness                Air            0%         N/A       100%        3
 Invisibility             Hex            0%         N/A       100%        6


Dungeon Overview and Level Annotations

Branches:
Dungeon (4/15)              Sewer (visited)
 Temple: D:4-7

Altars:


Innate Abilities, Weirdness & Mutations

You are immune to sickness and miasma.
Your stone body is resilient. (AC +4)
You are immune to poison.
You resist negative energy. (rN+)
You are resistant to electric shocks. (rElec)
You are resistant to unholy torment.
You are immune to petrification.


Message History

The orc wizard is moderately wounded.
The orc wizard hits you but does no damage.
You closely miss the orc wizard.
The orc wizard is moderately wounded.
The orc wizard barely misses you.
You hit the orc wizard.
The orc wizard is heavily wounded.
You sock the orc!
You kill the orc!
You completely miss the orc wizard.
The orc wizard is heavily wounded.
The orc wizard hits you but does no damage.
You hit the orc wizard.
The orc wizard is almost dead.
The orc wizard barely misses you.
You thump the orc wizard!
You kill the orc wizard!
The hornet zombie barely misses you.
You hit the orc priest but do no damage.
The hornet zombie hits you!
The orc priest invokes the aid of Beogh against you.
Beogh smites you!
You are too injured to fight recklessly!
You are too injured to fight recklessly!
You are too injured to fight recklessly!
You feel very mighty all of a sudden.
The hornet zombie completely misses you.
The orc priest barely misses you. The hornet zombie hits you.
You sock the orc priest!
The orc priest is heavily wounded.
The hornet zombie hits you. The orc priest barely misses you.
You closely miss the orc priest.
The orc priest is heavily wounded.
The hornet zombie hits you!
* * * LOW HITPOINT WARNING * * *
The orc priest hits you but does no damage.
You completely miss the orc priest.
The orc priest is heavily wounded.
The hornet zombie hits you!
You die...

........................
...$..............#... .
.................#...
..###..............#....
........................
........................
##..................#...
#....#oZ...............
#....#@................ #.o.
#...............). .....
#.....##...##..... ....o..
#......#...##..)..
......o...#......#...##.....
...........#......#....).....
.......... #......#..........
........... #.....##..........
..........###.....##......#...


You could see an orc priest and a hornet zombie.

Vanquished Creatures
  A scorpion (D:4)
  A centaur skeleton (D:4)
  An iguana (D:4)
  An orc wizard (D:4)
  11 adders
  4 river rats (Sewer)
  An ufetubus (D:4)
  2 dart slugs
  8 orcs
  10 endoplasms
  2 giant cockroaches
  9 goblins
  12 hobgoblins
  2 jackals (D:4)
  6 quokkas
  7 ball pythons
  3 bats
  4 frilled lizards
  26 kobolds
  36 rats
147 creatures vanquished.

Notes
Turn   | Place    | Note
-------+----------+-------------------------------------------
     0 | D:1      | HoaS the Gargoyle Gladiator began the quest for the Orb.
     0 | D:1      | Reached XP level 1. HP: 12/12 MP: 1/1
   455 | D:1      | Reached XP level 2. HP: 17/17 MP: 2/2
   794 | D:1      | Reached skill level 4 in Staves
  1146 | D:1      | Reached XP level 3. HP: 16/21 MP: 3/3
  1401 | D:1      | Found a faded altar of an unknown god.
  1414 | D:1      | Found a faded altar of an unknown god.
  1759 | D:2      | Reached XP level 4. HP: 17/26 MP: 4/4
  1943 | D:2      | Reached skill level 5 in Staves
  2687 | D:3      | Reached XP level 5. HP: 19/30 MP: 5/5
  3104 | D:3      | Found a glowing drain.
  3108 | Sewer    | Entered a sewer
  3135 | Sewer    | Reached skill level 6 in Staves
  3497 | Sewer    | Reached XP level 6. HP: 35/35 MP: 6/6
  4694 | D:4      | Reached skill level 7 in Staves
  5042 | D:4      | Mangled by a hornet zombie

Illustrated notes

Levels and vault maps discovered:
D:1:      dpeg_arrival_ratfight, layout_basic,
          hellmonk_ecumenical_altar_the_god_not_taken
D:2:      layout_loops_cross
D:3:      corexii_shack_village, layout_basic, gup_sewer_entry_spiral
D:4:      layout_basic

Skill      XL: |  1  2  3  4  5  6 |
---------------+-------------------+-----
Staves         | 4 5 6 7 |  7.6
Fighting       | |  2.1
Throwing       | |  1.7
Dodging        | |  2.4

Action                   |  1- 3 |  4- 6 || total
-------------------------+-------+-------++-------
Melee: Quarterstaff      |   124 |   311 ||   435
  Use: Scroll            |     3 |     8 ||    11
       Potion            |       |     1 ||     1
Armor: Chain mail        |    68 |   223 ||   291
       Leather armour    |     2 |       ||     2
       Plate armour      |       |     3 ||     3
Dodge: Dodged            |    43 |   119 ||   162

Table legend: (Time is in decaauts)
 A = Elapsed time spent in this place.
 B = Non-inter-level travel time spent in this place.
 C = Inter-level travel time spent in this place.
 D = Time resting spent in this place.
 E = Time spent auto-exploring this place.
 F = Levels seen in this place.
 G = Mean time per level.
                   A        B        C        D        E       F      G
               +--------+--------+--------+--------+--------+-----+--------+
         Total |   5103 |   4926 |    177 |   1557 |   2353 |   5 | 1020.6 |
       Dungeon |   4109 |   3932 |    177 |   1235 |   1926 |   4 | 1027.2 |
         Sewer |    993 |    993 |      0 |    322 |    427 |   1 |  993.0 |
               +--------+--------+--------+--------+--------+-----+--------+

Top non-repeatable levels by time:
     D:1: 1727 daAuts
     D:3: 1006 daAuts
   Sewer: 993 daAuts
     D:2: 755 daAuts
     D:4: 620 daAuts
